 Dungeon Crawl Stone Soup version 0.21.1 (webtiles) character file.

791 theElss the Cudgeler (level 7, -4/44 HPs)
             Began as a Gargoyle Berserker on Feb 3, 2018.
             Was a Priest of Trog.
             Slain by Prince Ribbit (14 damage)
             ... on level 5 of the Dungeon.
             The game lasted 00:10:55 (4151 turns).

theElss the Cudgeler (Gargoyle Berserker)           Turns: 4151, Time: 00:10:57

Health: -4/44      AC: 13    Str: 22    XL:     7   Next: 88%
Magic:  7/7        EV: 10    Int:  8    God:    Trog [***...]
Gold:   264        SH:  3    Dex:  9    Spells: 6/6 levels left

rFire    . . .     SeeInvis .   s - +0 morningstar
rCold    . . .     Gourm    .   t - +0 buckler
rNeg     + . .     Faith    .   i - +0 scale mail
rPois    ∞         Spirit   .   (no helmet)
rElec    +         Reflect  .   (no cloak)
rCorr    .         Harm     .   e - +0 pair of gloves
MR       ++...                  (no boots)
Stlth    ..........             (no amulet)
HPRegen  1.14/turn              (no ring)
MPRegen  0.10/turn              (no ring)

@: berserk cooldown, regenerating, slowed, very slow
A: negative energy resistance 1, electricity resistance, unbreathing,
petrification resistance, rot immunity, AC +4
a: Berserk, Trog's Hand, Burn Spellbooks, Renounce Religion


You were on level 5 of the Dungeon.
You worshipped Trog.
Trog was most pleased with you.
You were very hungry.

You visited 1 branch of the dungeon, and saw 5 of its levels.

You collected 264 gold pieces.

Inventory:

Hand Weapons
 a - a +0 mace
 s - a +0 morningstar (weapon)
Missiles
 p - 32 bolts
Armour
 b - a +0 animal skin
 e - a +0 pair of gloves (worn)
 i - a +0 scale mail (worn)
 t - a +0 buckler (worn)
Scrolls
 j - 4 scrolls of teleportation {unknown}
 k - 9 scrolls of identify {unknown}
 l - 3 scrolls of immolation {unknown}
 q - 3 scrolls of fear {unknown}
Potions
 d - a potion of heal wounds
 f - 2 potions of agility {unknown}
 g - 2 potions of cancellation {unknown}
 h - a potion of flight {unknown}
 m - 3 potions of curing {unknown}
 n - 2 potions of brilliance {unknown}
Books
 o - a book of Changes

   Spells                             Type                      Level
   a - Beastly Appendage              Transmutation                1
   b - Sticks to Snakes               Transmutation                2
   c - Spider Form                    Transmutation/Poison         3
   d - Ice Form                       Ice/Transmutation            4
   e - Blade Hands                    Transmutation                5
   Trog disapproves of the use of such an item.
Comestibles
 c - 12 rations
 r - 3 chunks of flesh


   Skills:
 - Level 4.8 Fighting
 - Level 6.3 Maces & Flails
 - Level 5.0 Armour
 - Level 3.1 Dodging
 - Level 1.0 Stealth
 + Level 0.4 Shields


You had 6 spell levels left.
You didn't know any spells.

Dungeon Overview and Level Annotations

Branches:
Dungeon (5/15)             Temple (0/1) D:4

Altars:
Dithmenos
Fedhas
Kikubaaqudgha
Vehumet
Wu Jian

Annotations:
D:5 Prince Ribbit


Innate Abilities, Weirdness & Mutations

You are resistant to torment.
Your stone body is resilient. (AC +4)
You are immune to poison.
You resist negative energy. (rN+)
You are resistant to electric shocks. (rElec)
You can survive without breathing.
You are immune to petrification.
You are immune to rotting.


Message History

Some of the chunks of flesh in your inventory have rotted away.
Your skin crawls.
You feel resistant to hostile enchantments.
You feel somewhat more hungry. Prince Ribbit hits you!
* * * LOW HITPOINT WARNING * * *
You block Prince Ribbit's attack.
Unknown command.
You miss Prince Ribbit. Prince Ribbit hits you.
* * * LOW HITPOINT WARNING * * *
Prince Ribbit hits you.
* * * LOW HITPOINT WARNING * * *
You hit Prince Ribbit.
Prince Ribbit is lightly wounded.
Prince Ribbit hits you but does no damage.
Prince Ribbit misses you.
You hit Prince Ribbit.
Prince Ribbit is lightly wounded.
Prince Ribbit hops awkwardly around.
Prince Ribbit hits you!
You die...

... ###..# .....## ....#
.....#.##... .
#.....#...# ###.
##.###........#######....
##.......................
.....####..............#
............(.........#
.....
............###.@F....#
..... ....#.......#
###.....# #....
...........## #.....##
#.... ..........##
##.....# #....
........### ##....# #....
........# ##....## ##....
.......(## #.#....#
#[.... .........#
#......####.....
........##
#.......#.......


You could see Prince Ribbit.

Vanquished Creatures
  A sky beast (D:3)
  3 scorpions
  A jelly (D:5)
  A bullfrog zombie (D:3)
  An orc priest (D:3)
  A centaur skeleton (D:4)
  A bullfrog skeleton (D:3)
  An iguana (D:4)
  5 orc wizards
  A worker ant (D:4)
  A worker ant zombie (D:5)
  10 adders
  2 dart slugs
  4 leopard geckos
  19 orcs
  3 ball pythons
  5 giant cockroaches
  10 goblins
  7 hobgoblins
  6 kobolds
  2 quokkas
  5 bats
  6 frilled lizards
  8 rats
104 creatures vanquished.

Vanquished Creatures (others)
  2 fungi (D:5)
2 creatures vanquished.

Grand Total: 106 creatures vanquished

Notes
Turn   | Place    | Note
-------+----------+-------------------------------------------
     0 | D:1      | theElss the Gargoyle Berserker began the quest for the Orb.
     0 | D:1      | Reached XP level 1. HP: 14/14 MP: 1/1
    31 | D:1      | Reached XP level 2. HP: 16/19 MP: 2/2
   651 | D:1      | Reached XP level 3. HP: 21/24 MP: 3/3
   970 | D:2      | Reached ** piety under Trog
  1174 | D:2      | Found a shadowy altar of Dithmenos.
  1215 | D:2      | Found a radiant altar of Vehumet.
  1335 | D:2      | Reached XP level 4. HP: 29/29 MP: 4/4
  1692 | D:3      | Reached skill level 4 in Maces & Flails
  1778 | D:3      | Noticed a sky beast
  1796 | D:3      | Killed a sky beast
  1796 | D:3      | Reached XP level 5. HP: 33/33 MP: 5/5
  2107 | D:3      | Found a faded altar of an unknown god.
  2143 | D:3      | Reached XP level 6. HP: 34/39 MP: 6/6
  2149 | D:3      | Reached *** piety under Trog
  2229 | D:3      | Reached skill level 5 in Maces & Flails
  2696 | D:3      | Found a blossoming altar of Fedhas.
  3008 | D:4      | Found an ornate altar of the Wu Jian Council.
  3014 | D:4      | Reached XP level 7. HP: 40/44 MP: 7/7
  3378 | D:4      | Found a staircase to the Ecumenical Temple.
  3542 | D:5      | Entered Level 5 of the Dungeon
  3600 | D:5      | Reached skill level 6 in Maces & Flails
  3898 | D:5      | Reached skill level 5 in Armour
  3898 | D:5      | Reached skill level 1 in Stealth
  3952 | D:5      | Found an ancient bone altar of Kikubaaqudgha.
  4102 | D:5      | Noticed Prince Ribbit
  4151 | D:5      | Slain by Prince Ribbit

Skill      XL: |  1  2  3  4  5  6  7 |
---------------+----------------------+-----
Dodging        | 2 3 |  3.1
Fighting       | 4 |  4.8
Maces & Flails | 4 5 6 |  6.3
Armour         | 3 4 5 |  5.0
Stealth        | 1 |  1.0
Shields        | |  0.4

Action                   |  1- 3 |  4- 6 |  7- 9 || total
-------------------------+-------+-------+-------++-------
Melee: Mace              |   114 |   185 |   113 ||   412
       Morningstar       |       |       |    14 ||    14
Invok: Berserk           |     2 |     2 |     2 ||     6
       Trog's Hand       |       |       |     1 ||     1
  Eat: Chunk             |     3 |     8 |     4 ||    15
Armor: Animal skin       |    21 |       |       ||    21
       Scale mail        |    62 |   106 |    67 ||   235
Dodge: Dodged            |   101 |    94 |    62 ||   257
Block: Buckler           |       |       |     2 ||     2
